Map: Newkirk Precinct TE (Void)

Players

SortOf - Winner!

  • Race: Zerg Zerg
  • Spawn Location: 7:00

Cuddlebear

  • Race: Terran Terran
  • Spawn Location: 5:00

Event: WCS Austin 2017

VOD

Have the link to the VOD?

Description

Time

  • Played on: April 28, 2017, 2:18 p.m.
  • Length: 8:37

All games in this series

Show
View Real Time Build Order
Export as new Build Order

SortOf Zerg - Winner!

Build Orders: Pool First 

Get SALT Encoding   

  12  0:00  Drone  
  13  0:13  Overlord  
  13  0:17  Drone  
  14  0:31  Drone x2  
  16  0:37  Drone  
  17  0:44  Extractor  
  17  0:48  Spawning Pool  
  15  0:51  Drone  
  15  0:56  Drone  
  17  1:07  Drone  
  18  1:21  Hatchery  
  17  1:25  Drone  
  18  1:38  Queen  
  20  1:40  Zergling x2  
  20  1:44  Drone  
  22  1:49  Metabolic Boost  
  22  1:57  Overlord  
  22  2:15  Queen  
  22  2:18  Zergling x2  
  22  2:19  Drone  
  26  2:28  Drone  
  27  2:36  Drone x2  
  29  2:44  Drone  
  29  2:45  Drone  
  31  2:54  Drone x3  
  31  2:58  Drone  
  34  3:06  Hatchery  
  34  3:08  Drone  
  34  3:09  Overlord  
  34  3:15  Queen  
  36  3:21  Overlord  
  36  3:28  Drone x2  
  36  3:29  Drone x2  
  36  3:30  Zergling x2  
  36  3:32  Zergling x2  
  42  3:39  Roach Warren  
  41  3:43  Drone  
  41  3:46  Drone  
  43  3:49  Drone x3  
  43  3:54  Queen  
  47  4:03  Drone, Overlord  
  47  4:07  Drone  
  47  4:08  Drone x2  
  47  4:09  Overlord  
  51  4:10  Extractor  
  50  4:17  Drone  
  50  4:19  Overlord  
  50  4:22  Roach  
  50  4:23  Drone x2  
  55  4:24  Spore Crawler  
  55  4:25  Drone  
  55  4:27  Roach  
  57  4:32  Roach x2  
  57  4:36  Lair  
  61  4:39  Roach  
  61  4:42  Roach  
  61  4:44  Roach  
  67  4:46  Roach  
  67  4:48  Overlord  
  67  4:50  Roach  
  71  4:56  Overlord x2  
  71  5:00  Roach x2  
  71  5:05  Drone x2, Roach  
  79  5:10  Evolution Chamber  
  79  5:12  Evolution Chamber  
  79  5:14  Roach  
  79  5:18  Roach x2  
  83  5:22  Roach x2  
  83  5:27  Drone x3  
  90  5:35  Extractor  
  89  5:36  Drone x2  
  89  5:37  Drone x2  
  89  5:38  Drone  
  89  5:39  Drone  
  89  5:40  Drone x2  
  97  5:47  Overlord  
  97  5:49  Zerg Ground Armor Level 1  
  97  5:52  Overlord  
  97  5:57  Zerg Missile Weapons Level 1  
  97  5:59  Extractor  
  96  6:06  Drone x3  
  96  6:07  Drone  
  96  6:08  Drone  
  96  6:11  Drone x5  
  104  6:13  Glial Reconstitution  
  104  6:14  Drone x2  
  104  6:15  Drone x2  
  104  6:17  Extractor  
  104  6:18  Roach x2  
  111  6:29  Drone x4  
  113  6:34  Overlord  
  113  6:38  Overlord x2  
  113  6:45  Overlord  
  113  6:48  Extractor  
  113  6:49  Overlord  
  113  6:54  Drone x2, Overlord  
  112  6:58  Roach x7  
  112  7:01  Roach x2  
  132  7:06  Overlord  
  131  7:10  Roach x2  
  131  7:13  Overlord  
  135  7:18  Roach  
  135  7:19  Roach x2  
  141  7:31  Roach x5  
  141  7:32  Roach  
  153  7:40  Roach  
  153  7:41  Roach x4  
  153  7:42  Overlord  
  163  7:45  Overlord  
  163  7:46  Ravager  
  163  7:47  Overseer  
  163  7:48  Overlord  
  163  7:49  Hatchery  
  163  7:55  Ravager x3  
  163  7:56  Ravager x3  
  163  7:57  Overlord  
  169  8:08  Zergling x4  
  169  8:09  Zergling x14  
  169  8:10  Ravager  
  169  8:11  Ravager x4  
  183  8:18  Ravager  
  183  8:19  Zergling x6  
  188  8:20  Zergling x4  
Show
View Real Time Build Order
Export as new Build Order

Cuddlebear Terran 

Build Orders: Reaper Expand, MMM Bio 

Get SALT Encoding   

  12  0:00  SCV  
  13  0:12  SCV  
  14  0:17  Supply Depot  
  14  0:24  SCV  
  15  0:39  SCV  
  15  0:41  Barracks  
  16  0:45  Refinery  
  16  0:51  SCV  
  17  1:03  SCV  
  18  1:15  SCV  
  19  1:28  Reaper, Orbital Command  
  20  1:42  Command Center  
  20  1:52  Barracks  
  20  1:56  SCV  
  21  2:02  Barracks Reactor  
  21  2:06  Supply Depot  
  21  2:10  SCV  
  21  2:14  Refinery  
  22  2:22  SCV  
  23  2:27  Factory  
  23  2:34  SCV  
  24  2:42  Marine x2  
  24  2:43  Barracks Tech Lab  
  26  2:46  SCV  
  27  2:58  SCV  
  28  3:00  Marine x2  
  28  3:02  Marine  
  32  3:13  Starport  
  32  3:17  SCV  
  32  3:21  Orbital Command  
  32  3:25  Factory Reactor  
  32  3:29  SCV  
  32  3:32  Marine x2  
  35  3:34  Marine  
  36  3:41  SCV  
  36  3:47  SCV  
  38  3:50  Marine  
  38  3:53  SCV  
  40  3:56  Supply Depot  
  40  3:58  Marine  
  40  3:59  SCV  
  41  4:02  Marine  
  41  4:08  Medivac, Marine  
  46  4:14  Supply Depot  
  45  4:17  Medivac  
  45  4:18  SCV x2  
  45  4:19  Marine  
  45  4:21  Supply Depot  
  45  4:23  Marine  
  51  4:25  Marine  
  51  4:30  SCV  
  53  4:33  SCV  
  54  4:42  SCV  
  54  4:45  Marine, SCV  
  56  4:46  Supply Depot, Marine  
  58  4:54  SCV  
  58  4:55  Hellion x2  
  58  4:56  Stimpack  
  58  4:57  Marine, Armory, SCV  
  65  5:00  Medivac  
  65  5:05  Marine  
  65  5:07  SCV  
  69  5:09  SCV  
  69  5:11  Refinery  
  71  5:16  Hellion, Marine  
  71  5:17  Hellion  
  71  5:19  SCV  
  71  5:21  Marine, SCV  
  78  5:31  Supply Depot  
  78  5:32  Supply Depot  
  78  5:47  Starport Reactor  
  78  5:48  Barracks  
  78  5:52  Factory Tech Lab  
  78  5:53  Marine, SCV x2  
  81  5:58  Marine  
  81  6:00  Marauder  
  84  6:05  Engineering Bay x2, SCV x2  
  84  6:06  Refinery  
  84  6:10  Marine  
  84  6:16  Marine  
  84  6:17  SCV  
  84  6:18  SCV  
  87  6:19  Siege Tank  
  87  6:21  Marine  
  91  6:28  Marine  
  91  6:29  Medivac  
  91  6:30  Medivac  
  91  6:31  Terran Infantry Weapons Level 1  
  90  6:33  Command Center  
  90  6:34  Terran Infantry Armor Level 1, Marine  
  90  6:36  Marine  
  90  6:38  Marine  
  90  6:39  Marauder  
  95  6:40  SCV  
  95  6:46  Marine  
  91  6:51  Marine  
  91  6:53  Barracks  
  91  6:54  Siege Tank, Marine  
  95  6:56  Combat Shields  
  95  6:57  SCV  
  97  7:01  SCV  
  98  7:10  Marine, SCV  
  98  7:11  Marauder  
  102  7:18  SCV  
  102  7:25  Supply Depot x2  
  102  7:40  Barracks  
  102  7:41  Barracks Reactor  
  102  7:43  Marine  
  102  7:44  Marine x2  
  102  7:45  Marauder, Siege Tank, SCV x2  
  102  7:46  Marine  
  108  8:01  Marine  
  108  8:02  Marine x2  
  108  8:04  Marine  
  105  8:06  Marauder  
  105  8:12  SCV  
  104  8:18  Marine  
Tags
 
Add a new tag
Caveats
  • Supply blocks, unpowered buildings, or Contaminate may cause inaccurate times.
  • Supply counts are checked every 10 seconds.